 Dungeon Crawl Stone Soup version 0.21-a0-504-g2eda330 (webtiles) character file.

482 Goblin1989 the Insei (level 7, 0/45 HPs)
             Began as an Octopode Transmuter on Nov 24, 2017.
             Slain by an iguana (13 damage)
             ... on level 5 of the Dungeon on Nov 25, 2017.
             The game lasted 00:18:32 (3894 turns).

Goblin1989 the Insei (Octopode Transmuter)          Turns: 3894, Time: 00:18:33

Health: 0/45       AC:  1    Str:  9    XL:     7   Next: 12%
Magic:  11/11      EV: 14    Int: 18    God:
Gold:   215        SH:  2    Dex: 12    Spells: 4/11 levels left

rFire    . . .     SeeInvis .     - Unarmed
rCold    . . .     Gourm    .   (no shield)
rNeg     . . .     Faith    .   (helmet restricted)
rPois    .         Spirit   .   l - +2 amulet of reflection
rElec    .         Reflect  +   (no ring)
rCorr    .         Harm     .   (no ring)
MR       .....                  (no ring)
Stlth    +++.......             (no ring)
HPRegen  0.15/turn              (no ring)
MPRegen  0.12/turn              (no ring)
                                (no ring)
                                (no ring)

@: appendage (expiring)
A: almost no armour, stealthy swim, amphibious, 8 rings, constrict 8, tentacle
spike 3, camouflage 1, gelatinous body 1
a: End Transformation


You were on level 5 of the Dungeon.
You were not hungry.
One of your tentacles had a temporary spike.
You visited 1 branch of the dungeon, and saw 5 of its levels.

You collected 215 gold pieces.

Inventory:

Hand Weapons
 i - a +2 dagger of pain
Missiles
 a - 81 arrows
Jewellery
 l - a +2 amulet of reflection (around mantle)
Scrolls
 m - 2 scrolls of enchant weapon {unknown}
 n - a scroll of enchant armour {unknown}
 o - a scroll of amnesia {unknown}
 p - 2 scrolls of magic mapping {unknown}
 t - 2 scrolls of remove curse {unknown}
 y - a scroll of blinking {unknown}
 A - a scroll of teleportation {unknown}
Potions
 h - a potion of lignification
 q - a potion of resistance
 r - a potion of curing {@q1}
 s - a potion of heal wounds
 u - 2 potions of might
 w - a potion of berserk rage {unknown}
Books
 b - a book of Changes

   Spells                             Type                      Level
   a - Beastly Appendage              Transmutation                1
   b - Sticks to Snakes               Transmutation                2
   c - Spider Form                    Transmutation/Poison         3
   d - Ice Form                       Ice/Transmutation            4
   e - Blade Hands                    Transmutation                5
Comestibles
 e - 2 bread rations {@e1}
 j - 3 meat rations {@e2}
 x - 3 fruits


   Skills:
 + Level 2.0 Fighting
 + Level 2.8 Dodging
 + Level 3.8 Stealth
 + Level 4.5 Unarmed Combat
 + Level 2.6 Spellcasting
 * Level 3.6 Transmutations
 * Level 2.6 Ice Magic


You had 4 spell levels left.
You knew the following spells:

 Your Spells              Type           Power        Failure   Level  Hunger
a - Beastly Appendage     Tmut           ###...       3%          1    #......
b - Sticks to Snakes      Tmut           ###.....     5%          2    ##.....
c - Ice Form              Ice/Tmut       ##......     41%         4    #####..


Dungeon Overview and Level Annotations

Branches:
Dungeon (5/15)
 Temple: D:4-7

Altars:
Uskayaw

Shops:
D:5 *

Annotations:
D:4 exclusion: jelly
D:5 exclusion: Prince Ribbit, Grinder, Prince Ribbit


Innate Abilities, Weirdness & Mutations

You cannot wear most types of armour.
You are very stealthy in the water. (Stealth+)
You are amphibious.
You can wear up to eight rings at the same time.
You can use your tentacles to constrict eight enemies at once.
Your skin changes colour to match your surroundings (Stealth+).
Your rubbery body absorbs attacks. (AC +1, EV +1)
One of your tentacles bears a large vicious spike.


Message History

You pierce the dart slug.
You kill the dart slug!
Items here: ) [[ †† a leather armour; a quarterstaff; a ring mail; an orc corpse; a hound corpse
As you read the scroll labeled CEUD NICVOTSI, it crumbles to dust.
It is a scroll of identify.
s - a potion of heal wounds;
R - 4 scrolls of identify
As you read the scroll of identify {@r1}, it crumbles to dust.
q - a potion of resistance MP restored: 11
As you read the scroll of identify {@r1}, it crumbles to dust.
h - a potion of lignification Your transformation is almost over.
Okay, then.
Okay, then.
As you read the scroll of identify {@r1}, it crumbles to dust.
u - 2 potions of might
As you read the scroll of identify {@r1}, it crumbles to dust.
v - 2 potions of degeneration
Okay, then.
Unknown command.
Drop what? 21/52 slots (_ for help) (? for menu, Esc to quit)
You drop 2 potions of degeneration.
Your tentacle spike disappears.
All of the chunks of flesh in your inventory have rotted away.
You butcher the orc corpse.
z - 2 chunks of flesh You butcher the hound corpse.
z - 5 chunks of flesh (gained 3)
Items here: ! ) [[ 2 potions of degeneration; a leather armour; a quarterstaff; a ring mail
Items here: ! ) [[ 2 potions of degeneration; a leather armour; a quarterstaff; a ring mail Health restored: 45
z - 7 chunks of flesh (gained 2);
z - 8 chunks of flesh (gained 1)
Things that are here:
a club; a hand axe; a leather armour
Items here: ! ) [[ 2 potions of degeneration; a leather armour; a quarterstaff; a ring mail
Found a stone staircase leading up.
Eating one of 8 chunks of flesh.
You eat one of the 8 chunks of flesh.
This raw flesh tastes terrible.
Found a stone staircase leading down.
Unknown command.
Items here: ! ) [[ 2 potions of degeneration; a leather armour; a quarterstaff; a ring mail Unknown command.
A - a scroll labeled ZEODWE KA WIGU
There is a stone staircase leading down here.
There is a stone staircase leading up here.
Found an escape hatch in the floor.
There is an escape hatch in the floor here.
a - 81 arrows (gained 11)
There is an escape hatch in the floor here.
There is a stone staircase leading up here.
All of the chunks of flesh in your inventory have rotted away.
An iguana comes into view.
Casting: Beastly Appendage
Confirm with . or Enter, or press ? or * to list all spells.
One of your tentacles grows a vicious spike.
You now have 10/11 mp.
Unknown command.
You see here 11 gold pieces.
The helpless iguana fails to defend itself.
You tentacle-slap the iguana. Your grab misses the iguana.
The iguana is lightly wounded.
The iguana bites you.
You take 6 damage, and have 39/45 hp.
You tentacle-slap the iguana but do no damage.
You grab the iguana.
Your tentacle spike misses the iguana.
The iguana is lightly wounded.
You constrict the iguana, but do no damage.
The iguana closely misses you.
MP restored: 11 You completely miss the iguana.
The iguana is lightly wounded.
You constrict the iguana. The iguana closely misses you.
You tentacle-slap the iguana.
You pierce the iguana, but do no damage.
The iguana is moderately wounded.
You constrict the iguana. The iguana bites you!
You take 14 damage, and have 25/45 hp.
MASSIVE DAMAGE!!
You tentacle-slap the iguana but do no damage.
Your tentacle spike misses the iguana.
You squeeze the iguana, but do no damage.
The iguana is moderately wounded.
Your transformation is almost over.
You constrict the iguana. You barely miss the iguana.
You pierce the iguana, but do no damage.
The iguana is heavily wounded.
You constrict the iguana, but do no damage.
The iguana bites you!
* * * LOW HITPOINT WARNING * * *
You take 12 damage, and have 13/45 hp.
MASSIVE DAMAGE!!
You completely miss the iguana. You squeeze the iguana!
The iguana is almost dead.
You constrict the iguana, but do no damage.
The iguana bites you!
You die... █.█ █.█ █.█ █.█ █.█ █.█ █l█

█@█
█.█
█.█
█$█
█.█
█.█
█.█
█.█
█.█


You could see an iguana.

Vanquished Creatures
  A centaur (D:5)
  2 scorpions (D:4)
  A centaur zombie (D:5)
  A crimson imp (D:5)
  A hound (D:5)
  A killer bee zombie (D:4)
  A howler monkey skeleton (D:4)
  4 adders
  A river rat (D:3)
  An ooze (D:4)
  2 worms (D:4)
  A dart slug (D:5)
  8 orcs
  4 giant cockroaches
  7 goblins
  2 hobgoblins
  2 jackals (D:3)
  A quokka (D:3)
  6 bats
  5 frilled lizards
  2 kobolds
  A quokka skeleton (D:4)
  5 rats
60 creatures vanquished.

Vanquished Creatures (collateral kills)
  An orc wizard (D:3)
  An iguana (D:4)
  3 adders (D:3)
  A worm (D:3)
  An orc (D:3)
  2 ball pythons (D:3)
  A rat (D:3)
10 creatures vanquished.

Grand Total: 70 creatures vanquished

Notes
Turn   | Place    | Note
-------+----------+-------------------------------------------
     0 | D:1      | Goblin1989 the Octopode Transmuter began the quest for the Orb.
     0 | D:1      | Reached XP level 1. HP: 13/13 MP: 3/3
    86 | D:1      | Reached skill level 1 in Stealth
   220 | D:1      | Reached XP level 2. HP: 18/18 MP: 5/5
   470 | D:2      | Learned a level 2 spell: Sticks to Snakes
   613 | D:3      | Upgraded the game from 0.21-a0-498-g1b60429 to 0.21-a0-504-g2eda330
   813 | D:3      | Reached XP level 3. HP: 17/23 MP: 4/6
   906 | D:3      | Reached skill level 4 in Unarmed Combat
   909 | D:3      | Reached XP level 4. HP: 5/28 MP: 3/7
  1101 | D:3      | Learned a level 4 spell: Ice Form
  1889 | D:4      | Reached skill level 1 in Ice Magic
  1889 | D:4      | Reached XP level 5. HP: 26/33 MP: 8/8
  2904 | D:4      | Reached XP level 6. HP: 25/39 MP: 7/9
  3076 | D:5      | Entered Level 5 of the Dungeon
  3105 | D:5      | Noticed Grinder
  3250 | D:5      | Found Xax Atif's General Store.
  3414 | D:5      | Found a hide-covered altar of Uskayaw.
  3480 | D:5      | Noticed Prince Ribbit
  3515 | D:5      | Reached XP level 7. HP: 43/45 MP: 6/10
  3894 | D:5      | Slain by an iguana

Vault maps used:
D:1:      dpeg_arrival_pond
D:2:      minmay_misc_feat_chi
D:3:      portal_sewer_entry_b
D:5:      nicolae_ru_the_path_less_chosen, kennysheep_little_box,
          minmay_temple_entry_mist, serial_shops, shop, first_bread,
          hangedman_abyss_or_decor_jellyfish_corner, uniq_grinder,
          uniq_prince_ribbit1

Skill      XL: |  1  2  3  4  5  6 |
---------------+-------------------+-----
Stealth        | 1 2 3 |  3.8
Unarmed Combat | 4 |  4.5
Ice Magic      | 1 2 |  2.6
Transmutations | 3 |  3.6
Fighting       | 2 |  2.0
Dodging        | |  2.8
Spellcasting   | |  2.6

Action                   |  1- 3 |  4- 6 |  7- 9 || total
-------------------------+-------+-------+-------++-------
Melee: Unarmed           |    47 |    90 |    20 ||   157
       Constrict         |    16 |    21 |     7 ||    44
       Kick              |     9 |    23 |    11 ||    43
       Tentacles         |     5 |    10 |     3 ||    18
       Punch             |       |     6 |     1 ||     7
 Cast: Beastly Appendage |    10 |    19 |     3 ||    32
       Sticks to Snakes  |     2 |    11 |       ||    13
  Use: Potion            |       |     1 |       ||     1
       Scroll            |       |       |     5 ||     5
 Stab: Sleeping          |     9 |     7 |     1 ||    17
       Distracted        |       |     1 |       ||     1
  Eat: Chunk             |       |     5 |     1 ||     6
       Bread ration      |       |     1 |       ||     1
Armor: Skin              |    16 |     5 |       ||    21
Dodge: Dodged            |    45 |    45 |     5 ||    95
Block: Other             |     3 |     3 |       ||     6

Table legend:
 A = Spawn XP
 B = Non-spawn XP
 C = Spawn XP percentage of total XP
 D = Spawn monster count
 E = Non-spawn monster count
 F = Spawn count percentage of total count
 G = Total turns spent on level
                    A         B        C        D         E        F      G
               +---------+---------+-------+---------+---------+-------+---------
         Total |       0 |     689 |   0.0 |       0 |      70 |   0.0 |  3894
               +---------+---------+-------+---------+---------+-------+---------
           D:1 |       0 |      17 |   0.0 |       0 |      12 |   0.0 |   429
           D:2 |       0 |       3 |   0.0 |       0 |       3 |   0.0 |   157
           D:3 |       0 |     128 |   0.0 |       0 |      31 |   0.0 |  1179
           D:4 |       0 |     240 |   0.0 |       0 |      10 |   0.0 |  1311
           D:5 |       0 |     301 |   0.0 |       0 |      14 |   0.0 |   818
               +---------+---------+-------+---------+---------+-------+---------

Vault maps used:
D:1:      dpeg_arrival_pond
D:2:      minmay_misc_feat_chi
D:3:      portal_sewer_entry_b
D:5:      nicolae_ru_the_path_less_chosen, kennysheep_little_box,
          minmay_temple_entry_mist, serial_shops, shop, first_bread,
          hangedman_abyss_or_decor_jellyfish_corner, uniq_grinder,
          uniq_prince_ribbit1
